 Dungeon Crawl Stone Soup version 0.31-a0-177-g4aa6249778 (webtiles) character file.

Game seed: 14565895336097757216

5 Moral the Shooter (level 1, -1/14 HPs)
             Began as an Octopode Hunter on June 19, 2023.
             Slain by a jackal (2 damage)
             ... on level 1 of the Dungeon.
             The game lasted 00:00:57 (151 turns).

Moral the Shooter (Octopode Hunter)                  Turns: 151, Time: 00:00:58

Health: -1/14      AC:  1    Str: 10    XL:     1   Next: 80%
Magic:  1/1        EV: 13    Int: 11    God:
Gold:   6          SH:  0    Dex: 15    Spells: 0/0 levels left

rFire   . . .        a - +0 shortbow
rCold   . . .        (shield currently unavailable)
rNeg    . . .        (helmet restricted)
rPois   .            (no amulet)
rElec   .            (no ring)
rCorr   .            (no ring)
SInv    .            (no ring)
Will    .....        (no ring)
Stlth   +++          (no ring)
HPRegen 0.22/turn    (no ring)
MPRegen 0.07/turn    (no ring)
                     (no ring)

%: no passive effects
@: no status effects
A: almost no armour, amphibious, 8 rings, camouflage 1, gelatinous body 1,
(nimble swimmer 1), tentacles
a: no special abilities


You were on level 1 of the Dungeon.
You visited 1 branch of the dungeon, and saw 1 of its levels.

You collected 6 gold pieces.

Inventory:

Hand Weapons
 a - a +0 shortbow (weapon)
Scrolls
 c - a scroll of vulnerability {unknown}
 d - a scroll of identify {unknown}
 e - a scroll of amnesia {unknown}


   Skills:
 * Level 2.2 Fighting
 + Level 4.0 Ranged Weapons
 + Level 2.0 Dodging
 * Level 1.8 Stealth


You couldn't memorise any spells.
You didn't know any spells.
Your spell library was empty.

Dungeon Overview and Level Annotations

Branches:
Dungeon (1/15)

Altars:

Shops:
D:1 :


Innate Abilities, Weirdness & Mutations

You cannot wear most types of armour.
You are amphibious.
You can wear up to eight rings at the same time.
Your skin changes colour to match your surroundings (Stealth+).
Your rubbery body absorbs attacks. (AC +1, EV +1)
((You are camouflaged when in or above water. (Stealth+)))
You have tentacles for arms and can constrict up to eight enemies at once.


Message History

Your butterfly dies!
Your butterfly disappears in a burst of colours!
Unknown command.
You swap places.
Something bites your butterfly.
Your butterfly dies!
Your butterfly disappears in a burst of colours!
The jackal misses your butterfly. The rat closely misses you.
Something bites your butterfly.
Your butterfly dies!
Your butterfly disappears in a burst of colours!
The jackal closely misses your butterfly.
The rat misses your butterfly. The jackal bites your butterfly.
Your butterfly dies!
Your butterfly disappears in a burst of colours!
The jackal misses you.
Fire: a) +0 shortbow
Press: ? - help, Q - select action Shift-Dir - straight line, f - jackal, p - jackal
Aim: a jackal (55% to hit)
You shoot an arrow. The arrow completely misses the jackal.
The jackal barely misses you. The jackal misses your butterfly.
The rat bites your butterfly.
Your butterfly dies!
Your butterfly disappears in a burst of colours!
Fire: a) +0 shortbow
Press: ? - help, Q - select action Shift-Dir - straight line, f/p - jackal
Aim: a jackal (55% to hit)
You shoot an arrow.
The arrow hits the jackal but does no damage.
The jackal closely misses you. The jackal misses your butterfly.
The rat barely misses your butterfly. The jackal bites you.
* * * LOW HITPOINT WARNING * * *
Fire: a) +0 shortbow
Press: ? - help, Q - select action Shift-Dir - straight line, f/p - jackal
Aim: a jackal (55% to hit)
You shoot an arrow.
The arrow hits the jackal but does no damage.
The jackal barely misses you. The jackal bites you.
* * * LOW HITPOINT WARNING * * *
The jackal bites you.
You die...

# ####.###
########......#
#.....##.##.#.#
##.....##)#....####
#...[..##.#.......#
#.##.b.bb.##.#....##.#
......b@hr##.#....##.#
#.#....hhb........##.#
#..####..b##.##.##.#
#..####Kh.##.......#
#...b....b.####.####
..##b##...# #.#
#bb...b.# #.#
..b.b∩...####†######
..b..K...............


You could see 4 jackals, a kobold (ally target) and a rat (ally target).

Vanquished Creatures
  A bat (D:1)
  An endoplasm (D:1)
  A hobgoblin (D:1)
  A ball python (D:1)
  A kobold (D:1)
5 creatures vanquished.

Notes
Turn   | Place    | Note
-------+----------+-------------------------------------------
     0 | D:1      | Moral the Octopode Hunter began the quest for the Orb.
     0 | D:1      | Reached XP level 1. HP: 14/14 MP: 1/1
   116 | D:1      | Found Ehizor's Book Emporium.
   151 | D:1      | Slain by a jackal

Illustrated notes

Levels and vault maps discovered:
D:1:      eino_arrival_water_cross, layout_loops_cross, serial_shops, shop

Action                     || total
---------------------------++-------
   Fire: Shortbow          ||    23
    Use: Scroll            ||     1
 Armour: Skin              ||     3
  Dodge: Dodged            ||    20

Table legend: (Time is in decaauts)
 A = Elapsed time spent in this place.
 B = Non-inter-level travel time spent in this place.
 C = Inter-level travel time spent in this place.
 D = Time resting spent in this place.
 E = Time spent auto-exploring this place.
 F = Levels seen in this place.
 G = Mean time per level.
                   A        B        C        D        E       F      G
               +--------+--------+--------+--------+--------+-----+--------+
         Total |    155 |    155 |      0 |      0 |    105 |   1 |  155.0 |
       Dungeon |    155 |    155 |      0 |      0 |    105 |   1 |  155.0 |
               +--------+--------+--------+--------+--------+-----+--------+

Top non-repeatable levels by time:
     D:1: 155 daAuts
